 Dungeon Crawl Stone Soup version 0.18.1-48-g4cf74bf (webtiles) character file.

826 Inkary the Cudgeler (level 7, -2/63 HPs)
             Began as a Minotaur Berserker on July 29, 2016.
             Was a Believer of Trog.
             Shot with an arrow by a centaur (6 damage)
             ... on level 6 of the Dungeon.
             The game lasted 00:09:09 (3480 turns).

Inkary the Cudgeler (Minotaur Berserker)            Turns: 3480, Time: 00:09:10

Health: -2/63      AC:  3    Str: 21      XL:     7   Next: 64%
Magic:  6/6        EV: 12    Int:  4      God:    Trog [**....]
Gold:   272        SH:  0    Dex:  5 (12) Spells: 0 memorised, 6 levels left

rFire  . . .     SeeInvis .     b - +4 flail
rCold  . . .     Gourm    .     w - +0 leather armour
rNeg   . . .     Faith    .     (no shield)
rPois  .         Spirit   .     (helmet restricted)
rElec  .         Dismiss  .     (no cloak)
rCorr  .         Reflect  .     (no gloves)
SustAt .         Harm     .     (no boots)
MR     ++...                    (no amulet)
Stlth  +.........               (no ring)
                                (no ring)

@: regenerating, very resistant to hostile enchantments, very unstealthy
A: retaliatory headbutt, horns 2
a: Berserk, Trog's Hand, Burn Spellbooks, Renounce Religion


You were on level 6 of the Dungeon.
You worshipped Trog.
Trog was pleased with you.
You were not hungry.

You visited 1 branch of the dungeon, and saw 6 of its levels.

You collected 272 gold pieces.

Inventory:

Hand Weapons
 b - a +4 flail (weapon)
Armour
 w - a +0 leather armour (worn)
Scrolls
 a - 2 scrolls of teleportation {unknown}
 e - a scroll of enchant armour {unknown}
 g - 4 scrolls of identify {unknown}
 j - 2 scrolls of recharging {unknown}
 k - a scroll of magic mapping {unknown}
 l - 2 scrolls of noise {unknown}
 m - 2 scrolls of remove curse {unknown}
 o - a scroll of amnesia {unknown}
 r - a scroll of immolation {unknown}
 u - a scroll of vulnerability {unknown}
Potions
 d - 2 potions of curing {unknown}
 f - a potion of magic {unknown}
 h - a potion of flight {unknown}
 i - 3 potions of mutation {unknown}
 p - a potion of lignification {unknown}
 q - 2 potions of ambrosia {unknown}
 v - a potion of heal wounds {unknown}
Books
 t - a book of Maledictions

   Spells                             Type                      Level
   a - Corona                         Hexes                        1
   b - Ensorcelled Hibernation        Hexes/Ice                    2
   c - Confuse                        Hexes                        3
   d - Tukima's Dance                 Hexes                        3
   e - Dazzling Spray                 Conjuration/Hexes            3
   Trog disapproves of the use of such an item.
Comestibles
 c - 2 bread rations
 n - 3 slices of pizza
 s - 2 meat rations
 x - a royal jelly
 A - 3 fruits


   Skills:
 + Level 6.1 Fighting
 + Level 6.4 Maces & Flails
 + Level 5.6 Armour
 + Level 5.2 Dodging


You had 6 spell levels left.
You didn't know any spells.

Dungeon Overview and Level Annotations

Branches:
Dungeon (6/15)
 Temple: D:4-7

Altars:
Elyvilon
Kikubaaqudgha
Nemelex Xobeh
Trog

Shops:
D:4 (


Innate Abilities, Weirdness & Mutations

You reflexively headbutt those who attack you in melee.
You have a pair of horns on your head.


Message History

You see here 2 arrows.
A centaur is nearby!
A centaur comes into view.
The centaur shouts!
The centaur shoots an arrow.
The arrow completely misses you.
Your skin crawls.
You feel resistant to hostile enchantments.
You feel slightly more hungry.
The centaur wields a shortbow.
The centaur shoots an arrow.
The arrow barely misses you.
The centaur shoots an arrow.
The arrow hits you!
* * * LOW HITPOINT WARNING * * *
The centaur shoots an arrow.
The arrow hits you!
* * * LOW HITPOINT WARNING * * *
The centaur shoots an arrow.
The arrow barely misses you.
The centaur shoots an arrow.
The arrow hits you!
* * * LOW HITPOINT WARNING * * *
The centaur shoots an arrow.
The arrow completely misses you.
You see here 7 arrows.
The centaur shoots an arrow.
The arrow hits you.
You die...

c# ##.##
#####...#### #..
.......
#.###[c.###
#.##.(....#
########.##(#.##.#
#.....##.##.#.#
#.###.##..@...#
#.# #.......###
#.###.....###
#.....###.#
###.#####.#
#....##.#
#.##.##.#
#.##.##.#
#.....<.#


You could see a centaur.

Vanquished Creatures
  Eustachio (D:5)
  2 ice beasts
  A centaur (D:5)
  2 scorpions (D:5)
  A crimson imp (D:5)
  An orc priest (D:3)
  An iguana (D:4)
  Ijyb (D:3)
  A worker ant (D:5)
  A hound zombie (D:5)
  4 gnolls (D:4)
  6 adders
  An ooze (D:2)
  An adder skeleton (D:5)
  A dart slug (D:2)
  3 giant geckos
  3 orcs
  6 giant cockroaches
  6 goblins
  10 hobgoblins
  2 jackals (D:3)
  3 quokkas
  4 bats
  4 giant newts
  A jackal zombie (D:5)
  8 kobolds
  5 rats
80 creatures vanquished.

Notes
Turn   | Place    | Note
--------------------------------------------------------------
     0 | D:1      | Inkary the Minotaur Berserker began the quest for the Orb.
     0 | D:1      | Reached XP level 1. HP: 19/19 MP: 0/0
   111 | D:1      | Reached XP level 2. HP: 21/27 MP: 1/1
   870 | D:2      | Reached XP level 3. HP: 31/33 MP: 2/2
  1000 | D:2      | Reached ** piety under Trog
  1362 | D:2      | Reached XP level 4. HP: 39/40 MP: 3/3
  1804 | D:3      | Found a sparkling altar of Nemelex Xobeh.
  1825 | D:3      | Found a bloodstained altar of Trog.
  1988 | D:3      | Noticed Ijyb
  2001 | D:3      | Killed Ijyb
  2001 | D:3      | Reached XP level 5. HP: 47/47 MP: 4/4
  2216 | D:4      | Found Gipipt's Weapon Shop.
  2243 | D:4      | Reached skill level 5 in Maces & Flails
  2405 | D:4      | Found a white marble altar of Elyvilon.
  2711 | D:5      | Entered Level 5 of the Dungeon
  2715 | D:5      | Reached XP level 6. HP: 51/55 MP: 5/5
  2782 | D:5      | Reached skill level 5 in Fighting
  2805 | D:5      | Noticed an ice beast
  2815 | D:5      | Killed an ice beast
  2891 | D:5      | Noticed Eustachio
  2918 | D:5      | Killed Eustachio
  2918 | D:5      | Reached skill level 5 in Armour
  2918 | D:5      | Reached XP level 7. HP: 8/61 MP: 6/6
  3223 | D:5      | Reached skill level 5 in Dodging
  3380 | D:5      | Found an ancient bone altar of Kikubaaqudgha.
  3478 | D:6      | HP: 2/63 [centaur/arrow (9)]
  3480 | D:6      | Shot with an arrow by a centaur

Skill      XL: |  1  2  3  4  5  6  7 |
---------------+----------------------+-----
Maces & Flails | 4 5 6 |  6.4
Fighting       | 4 5 6 |  6.1
Armour         | 3 4 5 |  5.6
Dodging        | 3 4 5 |  5.2

Action                   |  1- 3 |  4- 6 |  7- 9 || total
-------------------------+-------+-------+-------++-------
Melee: Mace              |    70 |   105 |     5 ||   180
       Headbutt          |    11 |    19 |     2 ||    32
       Flail             |       |       |    22 ||    22
Invok: Berserk           |       |     2 |       ||     2
       Trog's Hand       |       |     7 |     1 ||     8
 Stab: Sleeping          |       |     1 |       ||     1
  Eat: Chunk             |     1 |     6 |     3 ||    10
       Beef jerky        |       |     1 |       ||     1
Armor: Animal skin       |    15 |    23 |       ||    38
       Leather armour    |       |       |     5 ||     5
Dodge: Dodged            |    52 |   109 |    17 ||   178
